 Dungeon Sprint DCSS version 0.30-a0-918-g0ff054e9dc (webtiles) character file.

Game seed: 8945922227636639811

182 testman the Destroyer (level 5, -8/43 HPs)
             Began as a Demonspawn Conjurer on Mar 20, 2023.
             Was an Initiate of Gozag.
             Mangled by a fire elemental (9 damage)
             ... in the Dungeon (Sprint V: "Ziggurat Sprint").
             The game lasted 00:05:12 (219 turns).

testman the Destroyer (Demonspawn Conjurer)          Turns: 219, Time: 00:05:12

Health: -8/43      AC:  2    Str:  7    XL:     5   Next: 34%
Magic:  8/17       EV:  6    Int: 40    God:    Gozag
Gold:   288        SH: 24    Dex: 11    Spells: 9/12 levels left

rFire   . . .      SeeInvis .    C - +6 Majin-Bo {spellvamp, MP+6 Int+6}
rCold   . . .      Faith    .    D - +18 shield of the Gong {Loud rN+ Will+ rCorr EV-5}
rNeg    + . .      Spirit   .    a - +0 robe
rPois   .          Reflect  .    (helmet restricted)
rElec   .          Rampage  .    (no cloak)
rCorr   +          NoTele   +    (no gloves)
Will    +....                    (no boots)
Stlth   ++                       (no amulet)
HPRegen 0.27/turn                v - +6 ring of intelligence
MPRegen 0.15/turn                w - +6 ring of intelligence

@: studying Invocations
A: antennae 2
a: Renounce Religion, Potion Petition, Call Merchant, Bribe Branch


You were in the Dungeon.
You worshipped Gozag.
Gozag was aware of your devotion.
You visited 1 branch You collected 288 gold pieces.

Inventory:

Hand Weapons
 A - the +11 Singing Sword {sonic wave}
   (You found it in the Dungeon)
 B - the +8 lance "Wyrmbane" {slay drac, rPois rF+ rC+ AC+3}
   (You found it in the Dungeon)

   AC:        It affects your AC (+3).
   rF:        It protects you from fire.
   rC:        It protects you from cold.
   rPois:     It protects you from poison.
 C - the +6 Majin-Bo (weapon) {spellvamp, MP+6 Int+6}
   (You found it in the Dungeon)

   Int:       It affects your intelligence (+6).
   MP:        It affects your magic capacity (+6).
Armour
 a - a +0 robe (worn)
 D - the +18 shield of the Gong (worn) {Loud rN+ Will+ rCorr EV-5}
   (You found it in the Dungeon)

   Loud:      It is deafeningly noisy when blocking attacks.
   EV:        It affects your evasion (-5).
   rN:        It protects you from negative energy.
   rCorr:     It protects you from acid and corrosion.
   Will:      It increases your willpower.
 E - +5 fire dragon scales
 F - +5 gold dragon scales
Magical Staves
 G - the staff of death "Cuopn" {rN+ Int+2}
   (You found it in the Dungeon)

   [staff of death]

   Base accuracy: +5 Base damage: 5 Base attack delay: 1.2 This weapon's minimum
   attack delay (0.6) is reached at skill level 12.
   It falls into the 'Staves' category.
   It is a one-handed weapon.
Jewellery
 s - a ring of flight
 t - a +6 ring of dexterity
 u - a +6 ring of dexterity
 v - a +6 ring of intelligence (left hand)
 w - a +6 ring of intelligence (right hand)
 x - a +6 ring of strength
 y - a +6 ring of strength
Wands
 q - a wand of mindburst (7)
 r - a wand of quicksilver (7)
Scrolls
 g - 4 scrolls of blinking
 m - 4 scrolls of amnesia
 n - 7 scrolls of fog
 o - 5 scrolls of identify
 p - a scroll of fear
Potions
 b - 8 potions of magic
 c - 10 potions of curing
 d - 9 potions of heal wounds
 e - 6 potions of haste
 f - 3 potions of berserk rage
 h - 2 potions of brilliance
 i - 2 potions of invisibility
 j - 4 potions of resistance
 l - 5 potions of might
Miscellaneous
 k - a condenser vane
 z - a lightning rod (4/4)


   Skills:
 - Level 4.8 Fighting
 + Level 4.1 Dodging
 + Level 3.0 Stealth
 - Level 4.2 Spellcasting
 - Level 8.6 Conjurations
 - Level 3.0 Hexes
 + Level 1.9 Fire Magic


You had 9 spell levels left.
You knew the following spells:

 Your Spells              Type           Power      Damage    Failure   Level
a - Magic Dart            Conj           100%       1d8       1%          1
b - Searing Ray           Conj           100%       2d8       1%          2

Your spell library contained the following spells:

 Spells                   Type           Power      Damage    Failure   Level
 Foxfire                  Conj/Fire      100%       2x1d9     1%          1
 Dazzling Flash           Conj/Hex       100%       N/A       3%          3
 Fulminant Prism          Conj/Hex       26%        3d14      11%         4
 Iskenderun's Mystic Bla  Conj/Tloc      43%        2d10      21%         4
 Fireball                 Conj/Fire      25%        3d11      36%         5
 Starburst                Conj/Fire      25%        6d8       90%         6


Dungeon Overview and Level Annotations

Branches:
Dungeon (1/1)

Altars:
Ashenzari
Cheibriados
Dithmenos
Fedhas
Gozag
Hepliaklqana
Kikubaaqudgha
Makhleb
Nemelex Xobeh
Okawaru
Qazlal
Ru
Sif Muna
Trog
Uskayaw
Vehumet
Wu Jian
Xom
Yredelemnul
Jiyva
Lugonu

Annotations:
D 1 transporter


Innate Abilities, Weirdness & Mutations

You have a pair of antennae on your head.


Message History

As you read the scroll of fear, it crumbles to dust.
You assume a fearsome visage.
The fire elemental is unaffected.
The fire vortex is unaffected.
The hell hound looks frightened! x2
The fire elemental hits you. The fire elemental burns you!
* * * LOW HITPOINT WARNING * * *
You feel much better. You block the fire elemental's attack.
PANG!
The fire elemental closely misses you.
You closely miss the fire elemental. You block the fire elemental's attack.
PANG!
The fire elemental barely misses you.
Casting: Searing Ray (safe; 1% risk of failure)
Confirm with . or Enter, or press ? or * to list all spells.
Aiming: Searing Ray (safe; 1% risk of failure)
Press: ? - help, Shift-Dir - straight line, f - fire elemental, p - hell hound
Aim: a fire elemental (79% to hit)
The searing ray hits the fire elemental.
The fire elemental is lightly damaged. (Press . to maintain the ray.)
The fire elemental hits you. The fire elemental burns you!
* * * LOW HITPOINT WARNING * * *
The searing ray hits the fire elemental!
The fire elemental is heavily damaged.
Cornered, the hell hound turns to fight!
The fire elemental hits you. The fire elemental burns you!
* * * LOW HITPOINT WARNING * * *
The searing ray hits the fire elemental.
The fire elemental is heavily damaged.
You block the fire elemental's attack.
SHROANNG!
The searing ray hits the fire elemental.
The fire elemental is severely damaged.
You finish channelling your searing ray.
You block the fire elemental's attack.
GONNNNG!
The fire elemental hits you.
* * * LOW HITPOINT WARNING * * *
The fire elemental burns you!
You die...
Your body crumbles into a pile of gold.

▓▓▓▓▓▓▓▓▓▓▓▓▓▓▓▓▓▓▓
▓.8h8.▓.8©8.▓.8©8.▓
▓.|):.▓.....▓.....▓
▓..)..▓.....▓.)...▓
▓..h.v▓.....▓.....▓
▓.....▓.....▓.....▓
▓.E...▓.....▓..©..▓
▓..@..▓..©..▓▓▓▓▓▓▓
▓▓▓▓▓▓▓▓▓▓▓▓▓ {{{
{{{ { { {


You could see a fire elemental, a fire vortex and 2 hell hounds.

Vanquished Creatures
  A floating eye (D)
  A crimson imp (D)
  A jelly (D)
  A shadow imp (D)
  An ufetubus (D)
5 creatures vanquished.

Notes
Turn   | Place    | Note
-------+----------+-------------------------------------------
     0 | D        | testman the Demonspawn Conjurer began the quest for the
                  | Orb.
     0 | D        | Reached XP level 1. HP: 13/13 MP: 3/3
     0 | D        | Found a shimmering blue altar of Sif Muna.
     0 | D        | Found a sacrificial altar of Ru.
     0 | D        | Found a bloodstained altar of Trog.
     0 | D        | Found a stormy altar of Qazlal.
     0 | D        | Found an iron altar of Okawaru.
     0 | D        | Found a sparkling altar of Nemelex Xobeh.
     0 | D        | Found a blossoming altar of Fedhas.
     0 | D        | Found the +6 Majin-Bo {spellvamp, MP+6 Int+6}
     0 | D        | Found the +27 heavy crossbow "Sniper" {heavy, Acc+∞ SInv}
     0 | D        | Found the +10 dark maul {heavy}
     0 | D        | Found the +15 Maxwell's patent armour {-Cast -Tele rElec
                  | Will+ rCorr}
     0 | D        | Found the +18 shield of the Gong {Loud rN+ Will+ rCorr
                  | EV-5}
     0 | D        | Found the +16 obsidian axe {drain, demonic, Mesm Drain Fly
                  | SInv}
     0 | D        | Found the +7 great mace "Firestarter" {flame, inner flame,
                  | rFlCloud rF++}
     0 | D        | Found the +6 shillelagh "Devastator" {shatter}
     0 | D        | Found the +11 plutonium sword {Contam Stlth-}
     0 | D        | Found the +8 lance "Wyrmbane" {slay drac, rPois rF+ rC+
                  | AC+3}
     0 | D        | Found the +9 sword of Zonguldrok {reap}
     0 | D        | Found the +13 scythe of Curses {drain, curses, Drain}
     0 | D        | Found the +9 sword of Power {lifebolt}
     0 | D        | Found the +7 mace of Variability {chaos, chain chaos}
     0 | D        | Found the +11 Singing Sword {sonic wave}
     0 | D        | Found the +8 storm bow {elec, penet}
     2 | D        | Found a transporter.
     2 | D        | Found an ancient bone altar of Kikubaaqudgha.
     2 | D        | Found a viscous altar of Jiyva.
     2 | D        | Found a corrupted altar of Lugonu.
     2 | D        | Found a hazy altar of Hepliaklqana.
     2 | D        | Found a burning altar of Makhleb.
     2 | D        | Found an opulent altar of Gozag.
    69 | D        | Became a worshipper of Gozag Ym Sagoz the Greedy
    76 | D        | Reached skill level 5 in Conjurations
    76 | D        | Discovered your monstrous ancestry.
    76 | D        | Gained mutation: You have a pair of small antennae on your
                  | head. [demonic ancestry]
    76 | D        | Reached XP level 2. HP: 24/24 MP: 6/6
    80 | D        | Learned a level 2 spell: Searing Ray
   100 | D        | Entered arena 2.
   100 | D        | Noticed a floating eye
   100 | D        | Found a transporter.
   103 | D        | Killed a floating eye
   104 | D        | Reached skill level 8 in Conjurations
   104 | D        | Gained mutation: You have a pair of antennae on your head.
                  | [demonic ancestry]
   104 | D        | Reached XP level 3. HP: 31/31 MP: 8/8
   104 | D        | Reached XP level 4. HP: 38/38 MP: 9/10
   147 | D        | Entered arena 3.
   147 | D        | Found a transporter.
   150 | D        | Reached XP level 5. HP: 41/43 MP: 11/11
   152 | D        | Reached skill level 1 in Fire Magic
   166 | D        | Got the staff of death "Cuopn" {rN+ Int+2}
   208 | D        | Entered arena 4.
   208 | D        | Noticed a fire elemental
   208 | D        | Noticed a hell hound
   208 | D        | Noticed a hell hound
   208 | D        | Found a transporter.
   217 | D        | HP: 2/43 [fire elemental (11)]
   219 | D        | Mangled by a fire elemental

Illustrated notes

Levels and vault maps discovered:
D:        sprint_v [room_start, room_1, room_2, room_3, room_4, room_5, room_6,
          room_7, room_8, room_9, room_10, room_11, room_12, room_13, room_14,
          room_15, room_16, room_17, room_18, room_19, room_20, room_21,
          room_22, room_23, room_24, room_25, room_26, room_27]

Skill      XL: |  1  2  3  4  5 |
---------------+----------------+-----
Fighting       | 3 4 |  4.8
Dodging        | 3 4 |  4.1
Spellcasting   | 3 4 |  4.2
Conjurations   | 5 8 |  8.6
Hexes          | 3 |  3.0
Stealth        | 2 3 |  3.0
Fire Magic     | 1 |  1.9

Action                     |  1- 3 |  4- 6 || total
---------------------------+-------+-------++-------
  Melee: Staff             |       |     3 ||     3
   Cast: Searing Ray       |     1 |     4 ||     5
    Use: Potion            |     1 |     1 ||     2
         Scroll            |       |     1 ||     1
 Armour: Robe              |       |     3 ||     3
  Dodge: Dodged            |       |     3 ||     3
  Block: Kite shield       |     2 |     8 ||    10

Table legend: (Time is in decaauts)
 A = Elapsed time spent in this place.
 B = Non-inter-level travel time spent in this place.
 C = Inter-level travel time spent in this place.
 D = Time resting spent in this place.
 E = Time spent auto-exploring this place.
 F = Levels seen in this place.
 G = Mean time per level.
                   A        B        C        D        E       F      G
               +--------+--------+--------+--------+--------+-----+--------+
         Total |    218 |    178 |     40 |     78 |      0 |   1 |  218.0 |
       Dungeon |    218 |    178 |     40 |     78 |      0 |   1 |  218.0 |
               +--------+--------+--------+--------+--------+-----+--------+

Top non-repeatable levels by time:
       D: 218 daAuts
